← All builds
Pond / Armada / Economy first / OBSERVED BUILD

Standard pond

Armada Pond build order · Supreme Isthmus

Pond's usual economy-first play: Bot Lab around 5:35, boosting the fronts with tidal/wind, then Advanced Metal Extractor and T1 units to help front.

#eco #team support · 493 distinct matches · 109 players · 60% of Armada Pond games · team won 50% of 561 · Recently observed

HOW TO PLAY IT

Key timing: Bot Lab by 5:42

  1. Open tidal, then wind to start boosting front's economy.
  2. Take mex and keep boosting wind or tidal depending on front's needs.
  3. Get a Bot Lab up, start sending Tick and Pawn to front.
  4. Add Advanced Metal Extractor to scale up team's economy.
  5. Switch to tick spam if enemy reaches T2 front before you do.

Phase by phase

TYPICAL OF ITS 493 GAMES
  1. 1
  2. 2
PLAY THE OPENING

Follow the example game's first 6:00 step by step: what to build now, what comes next, and where it goes. At 1× it keeps pace with your own game.

  1. 1

    Up to the Bot Lab

    Economy
    • Metal Extractor4Mex
    • Wind Turbine10Wind
    • Tidal Generator8Tidalfor allies
    • Tidal Generator1Tidal
    • Energy Storage1Energy storage
    Order
    1. Bot LabBot Lab after 4 mex, 10 wind, 1 energy storagedone ~5:36, middle half 3:32–7:02

    Some games also: converter (45%)

    By 5:05 in all: 4 mex · 10 wind · 1 tidal · 1 energy storage

    The example game in this phase · 19 steps
    1. Tidal ×8for Suicide front
    2. Tidal ×2
    3. Mex ×4
    4. Wind ×2
    5. Energy storage
    6. Wind ×3
    7. Converter ×2
    8. Wind ×3
    9. Converter
    10. Wind
    11. Converter
    12. Wind ×2
    13. Converter ×2
    14. Solar
    15. Con turret ×3
    16. Advanced Metal ExtractorT2 mexdone 6:43 · typical 9:54
    17. Con turret ×2
    18. Advanced Metal ExtractorT2 mex ×3
    19. Bot LabBot Labdone 7:49 · typical 5:36
  2. 2

    Bot Lab to 10:00

    Economy
    • Wind Turbine16Wind
    Builders
    • Construction Turret1 Con turret
    • Construction Bot2 Con bot
    Army
    • Tick1 Tick

    Some games also: Lazarus (47%) · converter (45%)

    By 10:00 in all: 4 mex · 31 wind · 1 tidal · 5 converter · 1 energy storage · 2 con turret

    The example game in this phase · 441 steps
    1. Wind ×5
    2. Bot LabBot Labdone 8:12
    3. Construction BotCon bot
    4. Wind
    5. Construction BotCon bot ×3
    6. Wind ×3
    7. Wind
    8. TickTick ×2
    9. Converter
    10. Wind
    11. Converter
    12. TickTick
    13. Wind
    14. TickTick ×7
    15. Converter
    16. TickTick ×4
    17. Wind
    18. TickTick ×3
    19. Wind
    20. TickTick
    21. Converter
    22. TickTick ×2
    23. Wind
    24. TickTick ×2
    25. Wind
    26. Wind
    27. TickTick ×2
    28. Converter
    29. TickTick ×4
    30. Wind
    31. TickTick ×5
    32. Converter
    33. TickTick ×2
    34. Converter
    35. TickTick
    36. Wind
    37. TickTick ×8
    38. Wind
    39. TickTick ×2
    40. Converter
    41. TickTick ×3
    42. Con turret
    43. Construction BotCon bot
    44. TickTick
    45. Converter
    46. TickTick
    47. Wind
    48. TickTick
    49. Wind
    50. TickTick
    51. Wind
    52. TickTick ×5
    53. Wind
    54. TickTick
    55. Wind
    56. Converter
    57. TickTick ×3
    58. Wind
    59. TickTick ×6
    60. Wind
    61. TickTick ×2
    62. Wind ×2
    63. TickTick ×2
    64. Construction BotCon bot
    65. Wind
    66. TickTick
    67. Converter
    68. Wind
    69. TickTick ×2
    70. Wind
    71. TickTick ×3
    72. Wind
    73. Wind
    74. TickTick ×2
    75. Wind ×2
    76. TickTick ×2
    77. Converter
    78. Wind
    79. TickTick ×3
    80. Wind
    81. TickTick ×2
    82. Construction BotCon bot
    83. Converter
    84. TickTick
    85. Wind
    86. TickTick ×2
    87. Wind
    88. TickTick
    89. Con turret
    90. TickTick
    91. Wind
    92. TickTick ×2
    93. Converter
    94. TickTick
    95. Wind
    96. TickTick ×3
    97. Converter
    98. TickTick ×6
    99. Converter
    100. Wind
    101. TickTick
    102. Construction BotCon bot
    103. TickTick
    104. Construction BotCon bot
    105. TickTick
    106. Wind ×3
    107. TickTick
    108. Wind
    109. Wind
    110. Converter
    111. Construction BotCon bot
    112. TickTick
    113. Con turret
    114. Wind
    115. Construction BotCon bot ×2
    116. Wind ×3
    117. Converter
    118. TickTick
    119. Wind
    120. Converter
    121. TickTick
    122. Wind ×3
    123. TickTick ×2
    124. Wind
    125. TickTick
    126. Wind
    127. TickTick ×2
    128. Wind
    129. TickTick ×2
    130. Wind
    131. TickTick ×2
    132. Wind
    133. TickTick ×2
    134. Wind
    135. TickTick ×3
    136. Wind
    137. TickTick ×4
    138. Wind ×2
    139. TickTick ×2
    140. Con turret
    141. TickTick ×4
    142. Wind
    143. TickTick
    144. Wind
    145. TickTick
    146. Con turret
    147. TickTick ×2
    148. Converter
    149. TickTick ×3
    150. Wind
    151. TickTick ×2
    152. Wind
    153. Converter
    154. TickTick ×3
    155. Wind
    156. Con turret
    157. TickTick
    158. Wind
    159. Wind
    160. TickTick ×5
    161. Wind
    162. Con turret
    163. TickTick
    164. Wind
    165. TickTick
    166. Wind
    167. TickTick ×3
    168. Wind ×2
    169. TickTick
    170. Con turret
    171. Wind
    172. TickTick ×4
    173. Wind
    174. TickTick
    175. Wind ×3
    176. TickTick
    177. Wind
    178. TickTick ×2
    179. Wind
    180. TickTick ×3
    181. Con turret
    182. TickTick ×2
    183. Wind ×2
    184. TickTick ×3
    185. Wind
    186. TickTick ×2
    187. Wind
    188. TickTick ×3
    189. Wind
    190. TickTick ×2
    191. Converter
    192. TickTick ×2
    193. Wind
    194. TickTick ×2
    195. Wind
    196. TickTick
    197. Wind
    198. TickTick ×4
    199. SentrySentry
    200. Wind
    201. TickTick ×3
    202. Wind ×3
    203. Wind
    204. TickTick ×3
    205. Wind
    206. Wind
    207. TickTick
    208. Wind
    209. TickTick
    210. Wind
    211. Wind
    212. TickTick ×2
    213. Wind
    214. TickTick ×2
    215. Wind ×2
    216. TickTick
    217. Wind
    218. TickTick ×2
    219. Con turret
    220. TickTick
    221. Wind
    222. TickTick ×3
    223. Wind ×4
    224. TickTick
    225. Wind
    226. Wind
    227. Wind
    228. TickTick ×4
    229. Wind
    230. TickTick ×2
    231. Wind
    232. TickTick
    233. Energy storage
    234. TickTick
    235. Converter
    236. TickTick
    237. Converter
    238. Wind
    239. Wind
    240. Wind ×3
    241. TickTick ×2
    242. Energy storage
    243. TickTick
    244. Wind
    245. Converter
    246. Wind ×2
    247. TickTick
    248. Wind ×2
    249. Wind
    250. TickTick
    251. Wind ×2
    252. TickTick
    253. Wind ×2
    254. Construction BotCon bot
    255. TickTick
    256. Wind ×2
    257. Wind
    258. Wind
    259. TickTick
    260. Wind
    261. Construction BotCon bot
    262. Wind
    263. TickTick
    264. Converter
    265. Wind ×4
    266. TickTick
    267. Wind
    268. TickTick
    269. Wind
    270. Wind
    271. TickTick
    272. Wind
    273. TickTick
    274. Wind
    275. TickTick ×3
    276. Converter
    277. TickTick
    278. Wind ×2
    279. TickTick
    280. Wind ×4
    281. TickTick
    282. Converter
    283. Wind
    284. TickTick ×2
    285. Wind ×2
    286. TickTick ×3
    287. Wind
    288. TickTick
    289. Wind
    290. TickTick
    291. Wind
    292. TickTick
    293. Wind
    294. TickTick
    295. Wind
    296. Converter
    297. Wind
    298. TickTick ×4
    299. Wind
    300. TickTick
    301. Wind ×2
    302. TickTick
    303. Wind
    304. TickTick ×3
    305. Converter
    306. TickTick
    307. Wind ×2
    308. TickTick
    309. Wind
    310. TickTick
    311. Wind
    312. TickTick
    313. Wind
    314. TickTick ×2
    315. Wind
    316. TickTick
    317. Wind ×3
    318. TickTick ×3
    319. Wind ×2
    320. TickTick
    321. Converter
    322. Wind ×2
    323. Wind
    324. TickTick ×3
    325. Converter
    326. TickTick
    327. Wind ×2
    328. TickTick
    329. Wind
    330. TickTick ×2
    331. Wind
    332. TickTick ×2
    333. Converter
    334. TickTick
    335. Wind ×3
    336. TickTick
    337. Wind
    338. Converter
    339. Wind
    340. TickTick ×2
    341. Converter
    342. Con turret
    343. TickTick
    344. Wind
    345. TickTick ×2
    346. Wind
    347. TickTick
    348. Wind
    349. TickTick ×2
    350. Wind ×2
    351. TickTick
    352. Wind ×2
    353. TickTick
    354. Converter
    355. Wind
    356. Converter
    357. Wind
    358. TickTick ×2
    359. Wind
    360. TickTick
    361. Wind
    362. TickTick
    363. Converter
    364. Wind
    365. TickTick ×3
    366. Wind
    367. TickTick ×2
    368. Wind
    369. Converter
    370. TickTick
    371. Wind ×3
    372. TickTick ×2
    373. Converter
    374. Wind
    375. TickTick
    376. Wind ×2
    377. TickTick ×2
    378. Wind ×2
    379. TickTick
    380. Wind
    381. TickTick ×2
    382. Wind ×2
    383. TickTick
    384. Converter
    385. Wind
    386. TickTick
    387. Wind ×2
    388. TickTick
    389. Wind
    390. Converter ×2
    391. Wind
    392. TickTick
    393. Wind
    394. TickTick
    395. Wind ×2
    396. TickTick ×3
    397. Wind
    398. TickTick
    399. Wind
    400. Converter
    401. TickTick
    402. Wind
    403. TickTick
    404. Wind ×2
    405. TickTick ×2
    406. Converter
    407. Wind ×2
    408. TickTick
    409. Wind
    410. TickTick ×2
    411. Wind ×2
    412. TickTick
    413. Con turret
    414. Wind
    415. TickTick
    416. Wind
    417. TickTick
    418. Wind
    419. TickTick ×2
    420. Wind ×2
    421. Converter
    422. Wind
    423. TickTick
    424. Wind
    425. TickTick ×2
    426. Converter
    427. Wind ×2
    428. TickTick
    429. Wind ×2
    430. Wind
    431. TickTick ×2
    432. Wind
    433. ShipyardShipyardnot finished by 15:00
    434. Wind ×2
    435. TickTick
    436. Con turret
    437. TickTick
    438. Wind
    439. TickTick
    440. Converter
    441. Wind

Counts are medians over the build's games: half of them build more, half fewer. The example game is ChaoticNoob's (35 OS, 30/09/2026); pick another.

Team trades

IN AT LEAST 30% OF ITS GAMES

You hand over

  • Tidal Generator8 Tidal to Suicide front or Frontfirst at 0:10 · in 90% of games

You get

  • Hercules1 Light transport from Air or Techfirst at 4:26 · in 30% of games
  • Hephaestus1 Heavy transport from Air or Techfirst at 4:43 · in 38% of games
  • Fatboy1 Fatboy from Techfirst at 5:03 · in 40% of games
  • Sharpshooter2 Sniper bot from Techfirst at 5:16 · in 42% of games
  • Advanced Construction Bot1 T2 con bot from Techfirst at 8:18 · in 93% of games

How it plays out

Typical game of this build, running totals by minute

Metal produced

010k20k
0:005:0010:0015:00

metal

Enemy metal destroyed

02k4k6k
0:005:0010:0015:00

metal

Own metal lost

02k4k
0:005:0010:0015:00

metal

561 games.

Show as table
ByMetal produced: This buildEnemy metal destroyed: This buildOwn metal lost: This build
1:0011500
2:0027300
3:0081900
4:00151000
5:00223100
6:00298400
7:0038484540
8:0047571240130
9:0057101965370
10:0069102763713
11:00841732701149
12:001038635791578
13:001269541841940
14:001506647452423
15:001770253143022
WHAT THE NUMBERS SAY

This is the role's standard support job, winning slightly under half its games while contributing modest kills for modest losses.

  • + Keeps own losses fairly low relative to kills (2827 destroyed vs 756 lost by 10:00).
  • + Reaches T2 constructor reliably (89% of games) by 8:10.
  • − Metal production trails other roles at 6855 by 10:00.
  • − No kills registered by 5:00, slow to impact the fight.
THE EXAMPLE YOU ARE READING

ChaoticNoob

35.0 OS · 30/09/2026

Open source match ↗

4 received units · includes a constructor
352 metal received · 223044 energy received

Allied construction assistance is unknown. Timings are observations, not a promise of solo reproducibility.

Typical milestones

Bot Lab5:36Middle 50%: 3:32–7:02 · n=504
Advanced Metal Extractor9:54Middle 50%: 8:59–10:38 · n=509

Played most by

Viltrum45games of this buildTeaner39games of this buildUsurpeR28games of this buildzeus_on_god23games of this buildRogShotz20games of this build